Map: [ESL] Site Delta

Players

DisK

  • Race: Protoss Protoss
  • Spawn Location: 5:00

Kelazhur - Winner!

  • Race: Terran Terran
  • Spawn Location: 11:00

Event: ESL SC2 Masters 2024 Spring (Regional)

VOD

Have the link to the VOD?

Description

Time

  • Played on: May 2, 2024, 3:24 p.m.
  • Length: 21:56

All games in this series

Show
View Real Time Build Order
Export as new Build Order

DisK Protoss 

Build Orders: 1 Gate Expand, Blink Stalkers, Zealot Archon 

Get SALT Encoding   

  12  0:00  Probe  
  13  0:12  Probe  
  14  0:16  Pylon  
  14  0:24  Probe (Chrono Boost)  
  15  0:35  Gateway  
  15  0:36  Probe (Chrono Boost)  
  16  0:45  Probe (Chrono Boost)  
  16  0:46  Assimilator  
  17  0:50  Probe  
  18  1:03  Probe  
  19  1:15  Probe  
  20  1:21  Cybernetics Core  
  22  1:31  Nexus  
  20  1:36  Probe  
  21  1:41  Pylon  
  21  1:48  Assimilator  
  21  1:50  Probe  
  22  1:56  Adept (Chrono Boost)  
  22  1:59  Warp Gate  
  24  2:02  Probe  
  25  2:14  Probe  
  26  2:23  Twilight Council  
  26  2:26  Probe (Chrono Boost)  
  27  2:33  Stalker  
  29  2:38  Probe (Chrono Boost)  
  29  2:41  Gateway  
  31  2:46  Probe (Chrono Boost)  
  31  2:49  Probe (Chrono Boost)  
  32  2:53  Probe (Chrono Boost)  
  32  2:56  Blink (Chrono Boost)  
  32  2:57  Probe (Chrono Boost)  
  34  2:58  Probe (Chrono Boost)  
  35  3:08  Probe  
  36  3:15  Probe  
  36  3:18  Robotics Facility  
  37  3:21  Probe  
  38  3:27  Probe  
  38  3:28  Pylon  
  38  3:33  Probe  
  40  3:39  Probe  
  41  3:45  Probe  
  41  3:48  Stalker x2  
  41  3:51  Probe  
  46  3:57  Probe  
  46  4:00  Nexus  
  47  4:03  Probe  
  47  4:04  Pylon  
  47  4:06  Observer  
  49  4:11  Probe  
  49  4:15  Probe  
  51  4:19  Stalker, Pylon  
  51  4:23  Stalker  
  55  4:27  Observer  
  56  4:32  Forge, Probe x2  
  56  4:33  Assimilator  
  56  4:37  Charge  
  58  4:40  Gateway  
  58  4:41  Gateway  
  58  4:44  Probe  
  58  4:45  Probe  
  60  4:56  Probe  
  60  4:57  Gateway  
  60  4:59  Gateway  
  61  5:01  Protoss Ground Weapons Level 1 (Chrono Boost)  
  61  5:03  Probe  
  60  5:08  Probe  
  60  5:12  Gateway  
  60  5:13  Sentry  
  63  5:14  Probe  
  63  5:15  Probe  
  63  5:19  Gateway  
  63  5:20  Probe  
  66  5:23  Pylon  
  66  5:26  Probe  
  66  5:27  Probe  
  68  5:30  Stalker  
  68  5:33  Probe  
  71  5:38  Sentry, Probe, Pylon  
  71  5:42  Sentry  
  76  5:43  Probe, Zealot  
  76  5:47  Pylon  
  79  5:52  Probe x2  
  79  5:55  Stalker, Probe, Shield Battery  
  79  5:56  Stalker  
  86  5:57  Observer  
  84  6:06  Probe, Zealot x3  
  84  6:08  Probe  
  92  6:13  Zealot x2  
  95  6:19  Pylon  
  95  6:20  Pylon  
  95  6:24  Templar Archives  
  95  6:26  Probe  
  95  6:29  Pylon  
  95  6:31  Zealot x2  
  100  6:35  Zealot x2  
  100  6:39  Zealot x2  
  108  6:45  Zealot x2  
  111  6:47  Protoss Ground Armor Level 1 (Chrono Boost)  
  111  6:52  Zealot x2  
  89  7:08  Phoenix  
  89  7:11  Zealot x6  
  89  7:14  Probe x3  
  102  7:15  Warp Prism (Chrono Boost)  
  102  7:21  High Templar x2  
  108  7:26  Probe  
  108  7:27  Archon  
  106  7:31  Probe x2  
  108  7:38  Probe  
  108  7:39  Assimilator  
  108  7:43  Assimilator  
  109  7:44  Zealot x4  
  109  7:48  Zealot x2  
  121  7:52  Probe x3  
  121  7:55  Pylon  
  122  8:09  High Templar x2, Zealot x3  
  132  8:13  Archon  
  132  8:17  Nexus  
  132  8:18  Probe x3  
  132  8:30  Probe x2  
  134  8:39  Pylon x2  
  110  9:07  Zealot x8  
  96  9:17  Probe x3  
  96  9:18  Immortal (Chrono Boost)  
  99  9:29  Probe x2  
  99  9:30  Protoss Ground Weapons Level 2 (Chrono Boost)  
  91  9:36  Zealot x8  
  107  9:40  Probe  
  107  9:41  Probe x3  
  107  9:42  Robotics Bay  
  107  9:44  Robotics Facility  
  107  9:52  Probe  
  108  9:55  Immortal (Chrono Boost), Shield Battery  
  108  9:56  High Templar x2  
  108  9:57  High Templar x2  
  108  9:58  Sentry  
  122  10:01  Archon x2  
  122  10:02  Pylon  
  122  10:03  Stalker x2  
  126  10:07  Stalker  
  126  10:11  Pylon  
  128  10:22  Stalker  
  128  10:27  Photon Cannon  
  128  10:28  Pylon  
  130  10:29  Colossus (Chrono Boost)  
  130  10:30  Colossus (Chrono Boost)  
  130  10:34  Zealot x3  
  148  10:37  Zealot  
  148  10:42  Zealot x3  
  152  10:51  Zealot  
  154  10:58  Pylon  
  154  10:59  Zealot x4  
  158  11:04  Extended Thermal Lance (Chrono Boost)  
  158  11:09  Pylon  
  156  11:13  Probe x4  
  156  11:15  Colossus x2 (Chrono Boost)  
  172  11:20  Pylon  
  172  11:27  Nexus  
  172  11:35  Stalker  
  172  11:38  Zealot x5  
  182  11:45  Zealot x2  
  181  11:59  Zealot x6  
  179  12:09  Zealot x2  
  181  12:16  Protoss Ground Weapons Level 3 (Chrono Boost)  
  181  12:21  Zealot x6  
  193  12:28  Colossus  
  159  12:38  Zealot x2  
  159  12:40  Disruptor  
  159  12:44  Robotics Facility  
  165  12:46  Gateway  
  165  12:49  Gateway  
  165  12:50  Zealot x6  
  177  13:02  Pylon  
  177  13:04  Nexus  
  177  13:07  Pylon  
  177  13:08  Dark Shrine  
  177  13:14  Zealot x3  
  177  13:15  Zealot x4  
  177  13:16  Disruptor  
  177  13:19  Pylon  
  187  13:35  Zealot x5  
  187  13:36  Zealot  
  193  14:06  Zealot x4  
  193  14:08  Stalker  
  197  14:14  Observer  
  197  14:15  Observer x2  
  196  14:41  Zealot x2  
  196  14:44  Protoss Ground Armor Level 2 (Chrono Boost)  
  195  14:53  Stalker x2  
  199  15:02  Photon Cannon, Shield Battery  
  199  15:03  Photon Cannon  
  199  15:05  Photon Cannon, Pylon  
  183  15:21  Disruptor x3  
  183  15:26  Pylon  
  183  15:27  Pylon  
  169  15:57  Disruptor (Chrono Boost)  
  169  15:58  Zealot x8  
  169  15:59  Zealot x2  
  130  16:12  Disruptor x2 (Chrono Boost)  
  136  16:20  Stalker x7  
  136  16:21  Stalker x3  
  136  16:23  Shadow Stride (Chrono Boost)  
  156  16:26  Gateway  
  156  16:29  Gateway, Assimilator x2, Disruptor (Chrono Boost)  
  160  16:35  Observer  
  160  16:44  Dark Templar x4  
  168  16:49  Zealot x6  
  168  16:50  Assimilator  
  168  16:51  Assimilator  
  168  16:52  Nexus  
  168  16:53  Assimilator  
  178  17:13  Stalker x2  
  178  17:28  Zealot x6  
  186  17:30  Zealot x2  
  178  17:45  Zealot x2  
  182  17:51  Stalker x7  
  182  17:54  Colossus (Chrono Boost)  
  194  18:08  Zealot x2  
  196  18:15  Observer  
  196  18:19  Pylon  
  173  18:31  Stalker x8  
  173  18:32  Stalker  
  183  18:37  Nexus  
  183  18:41  Immortal (Chrono Boost)  
  185  18:47  Warp Prism (Chrono Boost)  
  188  18:57  Zealot x4  
  188  18:58  Zealot x2  
  153  19:13  Stalker x3  
  153  19:16  Stalker x2  
  143  19:26  Stalker x6  
  147  19:36  Disruptor (Chrono Boost)  
  135  19:50  Zealot x6  
  141  19:53  Pylon  
  140  20:04  Stalker x5  
  132  20:16  Stalker x3  
  134  20:33  Stalker x4  
  130  20:44  Stalker x2  
  130  20:47  Stalker  
  133  20:59  Stalker  
  133  21:01  Stalker  
  127  21:24  Stalker x2  
Show
View Real Time Build Order
Export as new Build Order

Kelazhur Terran - Winner!

Build Orders: Reaper Expand 

Get SALT Encoding   

  12  0:00  SCV  
  13  0:12  SCV  
  14  0:17  Supply Depot  
  14  0:24  SCV  
  15  0:38  SCV  
  15  0:40  Barracks  
  15  0:42  Refinery  
  16  0:50  SCV  
  17  1:03  SCV  
  18  1:15  SCV  
  19  1:27  Reaper, Orbital Command  
  20  1:37  Command Center  
  20  1:47  Supply Depot  
  20  1:53  SCV  
  21  1:59  Marine  
  22  2:03  Factory  
  22  2:05  SCV  
  23  2:15  Bunker  
  23  2:17  SCV  
  23  2:20  Barracks Reactor  
  24  2:26  Refinery  
  24  2:29  SCV  
  25  2:41  SCV  
  26  2:47  Hellion  
  29  2:51  Orbital Command  
  29  2:53  SCV  
  29  2:54  Starport  
  29  2:58  Marine x2  
  29  3:05  SCV  
  32  3:11  Widow Mine  
  34  3:16  Marine x2  
  34  3:18  SCV x2  
  37  3:21  Supply Depot  
  37  3:30  SCV x2  
  37  3:32  Medivac, Widow Mine  
  37  3:34  Marine x2  
  45  3:42  SCV  
  45  3:44  SCV  
  45  3:54  Barracks, Marine x2, SCV  
  48  3:55  Barracks  
  48  3:57  SCV  
  48  4:00  Factory Tech Lab  
  49  4:06  SCV  
  49  4:07  Starport Tech Lab  
  50  4:10  SCV, Supply Depot  
  50  4:16  Marine  
  50  4:17  Marine  
  52  4:23  SCV  
  54  4:24  Refinery  
  54  4:25  Supply Depot  
  54  4:32  Siege Tank, SCV, Raven  
  54  4:36  SCV  
  61  4:41  Engineering Bay, Marine  
  61  4:43  Refinery  
  61  4:44  Barracks Tech Lab  
  62  4:46  Marine x2  
  62  4:47  SCV  
  62  4:48  Supply Depot  
  62  4:49  SCV  
  66  4:56  Supply Depot  
  66  4:59  SCV, Marine  
  67  5:03  SCV  
  67  5:04  Marine  
  70  5:09  Stimpack  
  70  5:13  Supply Depot  
  73  5:14  Terran Infantry Weapons Level 1  
  73  5:15  Combat Shield  
  73  5:16  Marauder  
  73  5:17  Marauder  
  73  5:19  SCV  
  75  5:22  SCV  
  75  5:25  Starport Reactor  
  75  5:26  Marine x2  
  75  5:27  Supply Depot  
  78  5:31  SCV  
  78  5:35  Factory Reactor  
  79  5:37  SCV  
  79  5:38  Marauder  
  79  5:40  Marauder  
  84  5:43  SCV, Supply Depot  
  84  5:45  Marine x2  
  87  5:59  Marauder  
  87  6:01  Marauder  
  87  6:03  Medivac x2  
  95  6:04  Marine x2  
  95  6:09  Supply Depot  
  97  6:12  Widow Mine x2  
  101  6:20  Supply Depot, Marauder  
  101  6:22  SCV  
  101  6:24  Command Center  
  104  6:29  Marine  
  104  6:30  Marauder  
  107  6:33  Widow Mine  
  107  6:34  Widow Mine  
  107  6:39  Marine  
  112  6:40  Concussive Shells  
  112  6:42  Marauder  
  114  6:48  Medivac x2  
  114  6:49  Supply Depot  
  114  6:50  SCV  
  119  6:55  Marauder  
  119  6:56  Supply Depot  
  93  7:11  Widow Mine x2, Marine  
  93  7:12  Marine, Marauder  
  93  7:13  SCV x2  
  99  7:19  Marauder  
  101  7:25  Barracks x2  
  101  7:26  Terran Infantry Armor Level 1  
  101  7:30  SCV x2  
  101  7:33  Marine x2  
  101  7:35  Widow Mine  
  101  7:36  Widow Mine  
  109  7:42  SCV x2  
  109  7:44  Marauder x2  
  113  7:48  Armory  
  115  7:52  Engineering Bay  
  115  7:54  Marine  
  115  7:55  Marine  
  115  7:57  SCV x2  
  119  8:03  Widow Mine x2  
  119  8:09  SCV, Marauder x2  
  119  8:12  Marine  
  124  8:17  Missile Turret  
  124  8:18  Missile Turret  
  125  8:20  SCV  
  125  8:21  SCV  
  125  8:22  Orbital Command  
  125  8:25  Barracks Reactor  
  129  8:27  Marauder  
  129  8:32  SCV, Marine, Marauder x2  
  129  8:33  Marine  
  136  8:35  Widow Mine  
  136  8:36  Widow Mine  
  140  8:46  SCV x2  
  141  8:48  Marauder  
  141  8:50  Marine x2  
  141  8:53  Marauder  
  141  8:54  Marauder  
  142  8:58  SCV  
  126  9:07  Marine x2  
  126  9:08  Marine x2  
  126  9:09  SCV  
  117  9:10  SCV, Marauder  
  117  9:15  Marauder x2  
  117  9:16  Orbital Command  
  105  9:17  Widow Mine x2  
  105  9:21  SCV  
  105  9:22  SCV  
  102  9:25  Marine x2  
  102  9:26  Marine x2  
  106  9:31  Marauder  
  106  9:33  SCV  
  106  9:34  SCV  
  106  9:36  Marine x2  
  109  9:43  Marine x2  
  109  9:44  Marine x2  
  111  9:49  Viking  
  115  9:52  Marauder  
  115  9:54  Marauder  
  115  9:55  Terran Infantry Armor Level 2, Terran Infantry Weapons Level 2  
  115  9:59  Marauder  
  119  10:01  Widow Mine  
  119  10:02  Widow Mine  
  123  10:07  Medivac  
  123  10:11  Ghost Academy  
  123  10:12  Marine x4  
  131  10:14  Marauder  
  131  10:15  Marine  
  131  10:19  Medivac  
  131  10:21  Refinery x2  
  134  10:22  Widow Mine  
  134  10:23  Widow Mine  
  138  10:30  Marine x2, Marauder  
  138  10:33  Marauder  
  144  10:37  SCV  
  144  10:38  SCV x2, Supply Depot  
  144  10:39  Supply Depot  
  145  10:46  Ghost  
  145  10:47  Marine x3  
  150  10:50  Ghost  
  150  10:53  Bunker, Supply Depot  
  150  10:54  Ghost  
  150  10:55  Supply Depot  
  150  10:56  Marine  
  155  10:57  SCV x3  
  151  11:09  SCV x3  
  151  11:10  Medivac x2  
  158  11:16  Ghost  
  158  11:17  Marine  
  161  11:19  Ghost  
  161  11:21  SCV, Marine x2  
  161  11:24  Ghost  
  170  11:33  Widow Mine x2  
  170  11:35  Marine x2  
  174  11:45  Ghost  
  174  11:46  Viking x2  
  180  11:49  Supply Depot  
  180  11:56  Marine x2, Marauder  
  183  12:06  Marine x2  
  183  12:07  Marauder  
  187  12:11  Widow Mine x2  
  187  12:15  Terran Infantry Weapons Level 3  
  191  12:16  Viking x2  
  175  12:42  Marine x4, Marauder x3  
  181  12:46  Viking x2  
  181  12:47  Command Center  
  185  12:53  Terran Infantry Armor Level 3  
  185  12:59  Widow Mine x2  
  185  13:01  Marine x4  
  185  13:05  Marauder x2  
  197  13:24  Marine, Marauder  
  196  13:36  Terran Ship Weapons Level 1, Supply Depot  
  196  13:42  Marauder  
  196  13:44  Viking  
  196  13:46  Starport  
  196  13:56  Viking  
  196  13:58  Marauder  
  196  14:02  Marauder  
  197  14:16  Viking  
  197  14:25  Viking  
  197  14:31  Viking  
  199  14:58  Planetary Fortress  
  197  15:00  Barracks  
  197  15:01  Barracks  
  197  15:02  Barracks  
  194  15:21  Command Center  
  194  15:23  Viking x2  
  194  15:24  Viking  
  200  15:46  Terran Ship Weapons Level 2  
  182  15:50  Liberator  
  182  15:52  Fusion Core  
  182  15:53  Liberator x2  
  179  15:58  Marauder  
  179  16:00  Marauder x2  
  184  16:04  Marine x4  
  178  16:13  Widow Mine  
  178  16:16  Barracks Tech Lab  
  178  16:17  Barracks Tech Lab x2  
  178  16:18  Liberator  
  178  16:20  Marauder  
  178  16:21  Marauder x2  
  178  16:22  Marine x2  
  178  16:23  Refinery  
  186  16:28  SCV x4  
  186  16:31  Marine  
  191  16:34  Widow Mine  
  191  16:35  Liberator  
  191  16:36  Liberator  
  199  16:41  Advanced Ballistics  
  199  16:53  Missile Turret x2  
  199  17:11  Neosteel Armor, Hi-Sec Auto Tracking  
  182  17:23  Liberator x2  
  182  17:24  Liberator x2  
  182  17:29  Widow Mine  
  192  17:30  Marine x2, Marauder x4  
  192  17:47  Planetary Fortress  
  192  17:50  Widow Mine  
  188  17:53  Caduceus Reactor  
  188  18:02  Marine  
  188  18:03  Marauder x2  
  183  18:06  Liberator  
  183  18:07  Marine  
  183  18:08  Marauder, Ghost x3  
  183  18:12  Widow Mine  
  193  18:14  Missile Turret  
  184  18:33  Widow Mine  
  186  18:38  Medivac  
  186  18:39  Medivac x2  
  192  18:45  SCV x3  
  192  18:46  SCV  
  196  18:54  Marauder  
  196  18:57  Medivac  
  196  18:58  Widow Mine  
  194  19:03  Terran Ship Weapons Level 3  
  194  19:09  Marauder x2  
  169  19:14  Liberator x2  
  169  19:16  Marauder  
  177  19:21  Liberator  
  157  19:43  Liberator  
  157  19:45  Marine x5, Marauder x5  
  165  20:17  Liberator  
  168  20:21  Orbital Command  
  168  20:27  Marine  
  168  20:28  Marauder x2  
  170  20:29  Widow Mine  
  172  20:51  Widow Mine  
  172  20:52  Liberator  
  172  20:53  Marine x7  
  172  20:56  Refinery  
  184  20:57  Marine  
  184  21:00  Missile Turret  
  185  21:07  Marine, Marauder  
  179  21:19  Marine x5, Marauder  
  179  21:21  Marine  
  162  21:35  Marine  
  162  21:36  Marine  
Tags
 
Add a new tag
Caveats
  • Supply blocks, unpowered buildings, or Contaminate may cause inaccurate times.
  • Supply counts are checked every 10 seconds.